[Event "NJSK 2026 Jeugd A"]
[Site "Helmond, Netherlands"]
[Date "2026.05.01"]
[Round "10.1"]
[White "Ritzerveld, Noah"]
[Black "Ten Dam, Bram"]
[Result "0-1"]
[TimeControl "90min/40moves + 30min + 30sec/move"]
[WhiteTitle "-"]
[BlackTitle "-"]
[WhiteFideId "1085760"]
[BlackFideId "40104877"]
[WhiteElo "2205"]
[BlackElo "2363"]

1. e4 c6 2. d4 d5 3. e5 a6 4. Be2 Bf5 5. Nf3 e6 6. O-O Nd7 7. c3 Ne7 8. Na3 Bg6 9. Nc2 Nf5 10. Nfe1 Be7 11. Nd3 O-O 12. Nf4 c5 13. Nxg6 hxg6 14. Ne3 cxd4 15.
cxd4 Rc8 16. Nxf5 gxf5 17. Be3 f6 18. exf6 Nxf6 19. Qb3 Qd7 20. Bf4 Bd6 21. Bxd6 Qxd6 22. Rac1 Ne4 23. Rxc8 Rxc8 24. Qxb7 Rb8 25. Qxa6 Rxb2 26. Qa8+ Kh7 27. Bd3 Qf4 28.
Bxe4 Qxe4 29. a4 Rb1 30. Qa6 Rxf1+ 31. Qxf1 Qxd4 32. a5 Qa4 33. a6 d4 34. h4 Qa3 35. Qe2 d3 36. Qh5+ Kg8 37. Qe8+ Kh7 38. Qh5+ Kg8 39. Qe8+ Kh7 40. Qxe6 Qc1+ 41. Kh2 Qf4+ 42. Kg1 d2 43. Qe2 0-1

[ePGN "0.1;DGT LiveChess/2.2.10"]

[Event "NJSK 2026 Meisjes A"]
[Site "Helmond, Netherlands"]
[Date "2026.04.25"]
[Round "1.1"]
[White "Damen, Josephine"]
[Black "Yildirim, Azra"]
[Result "1-0"]
[TimeControl "90min/40moves + 30min + 30sec/move"]
[WhiteTitle "-"]
[BlackTitle "-"]
[WhiteFideId "1074369"]
[BlackFideId "1085670"]
[WhiteElo "1982"]
[BlackElo "1560"]

1. e4 e5 2. Nf3 Nc6 3. Bc4 Bc5 4. c3 Nf6 5. d4 exd4 6. cxd4 Bb4+ 7. Nbd2 Nxe4 8. d5 Ne7 9. O-O Nf6 10.
Qb3 Bd6 11. Re1 O-O 12. Ne4 Ng6 13. Nxf6+ Qxf6 14. Bg5 Qf5 15. Bd3 Qg4 16. Re4 Nf4 17. Bxf4 Bxf4 18. g3 Qxf3 19. Rxf4 Qh5 20.
Rh4 Qe5 21. Bxh7+ Kh8 22. Qb4 d6 23. Bf5+ Kg8 24. Rh8+ 1-0

[Event "NJSK 2026 Meisjes A"]
[Site "Helmond, Netherlands"]
[Date "2026.04.25"]
[Round "1.3"]
[White "Feng, Elysia"]
[Black "Kulikova, Polina"]
[Result "1-0"]
[TimeControl "90min/40moves + 30min + 30sec/move"]
[WhiteTitle "-"]
[BlackTitle "-"]
[WhiteFideId "1074334"]
[BlackFideId "1085921"]
[WhiteElo "1912"]
[BlackElo "1766"]

1. e4 c6 2. d4 d5 3. Nc3 dxe4 4. Nxe4 Nd7 5. Bc4 Ndf6 6. Ng5 e6 7. Ne2 Nd5 8. O-O Ngf6 9. c3 Bd6 10.
Qc2 Qc7 11. g3 h6 12. Nf3 O-O 13. Bd2 Re8 14. Rfe1 b6 15. a3 Bb7 16. Bd3 Kh8 17. c4 Ne7 18. c5 bxc5 19. dxc5 Be5 20.
Nc1 Nd7 21. Nxe5 Nxe5 22. Be4 Nd5 23. b4 Ng4 24. Nd3 Ngf6 25. Bf3 Rad8 26. Ne5 Ba6 27. a4 Rb8 28. Rab1 Kg8 29. Rb3 Rec8 30.
Qb2 Bb7 31. Nc4 a6 32. Nd6 Rd8 33. Ra1 Bc8 34. Nc4 Rf8 35. Rc1 Bd7 36. Nd6 Rfd8 37. h4 Ra8 38. g4 Ne8 39. Qe5 f6 40.
Qg3 Nxd6 41. cxd6 Qb6 42. g5 hxg5 43. hxg5 f5 44. Qe5 Re8 45. Rc4 a5 46. Bc1 Rf8 47.
Bb2 Rf7 48. Bh5 Raf8 49. Rh4 Rf6 50. gxf6 Rxf6 51. Qg3 f4 52. Qg5 axb4 53. Bxf6 Nxf6 54. Rxf4 Qd8 55. Rg3 Qf8 1-0

[Event "NJSK 2026 Meisjes A"]
[Site "Helmond, Netherlands"]
[Date "2026.04.25"]
[Round "1.4"]
[White "Westerhof, Fleur"]
[Black "Hagen, Carlijn"]
[Result "0-1"]
[TimeControl "90min/40moves + 30min + 30sec/move"]
[WhiteTitle "-"]
[BlackTitle "-"]
[WhiteFideId "1080369"]
[BlackFideId "1091190"]
[WhiteElo "1968"]
[BlackElo "1861"]

1. e4 e5 2. Nf3 Nc6 3. Bc4 Bc5 4. c3 Nf6 5. d3 O-O 6. O-O d5 7. exd5 Nxd5 8. b4 Be7 9. Qb3 Nb6 10.
Bb5 Bf6 11. Re1 Re8 12. Nbd2 Bd7 13. Ne4 a6 14. Bxc6 Bxc6 15. c4 h6 16. Bb2 Na4 17. Nxf6+ gxf6 18. Bc1 Kh7 19. Qc2 Bxf3 20.
gxf3 Rg8+ 21. Kf1 Qd7 22. Be3 Rae8 23. Ke2 f5 24. Rg1 f4 25. Bd2 Nb6 26. Rxg8 Kxg8 27. Rg1+ Kh8 28. Bc3 f6 29.
Qb1 Nc8 30. Qf1 Rd8 31. Kd2 Ne7 32. Rg4 Nf5 33. Qe2 b5 34. Qe4 Qe6 35. Kc1 bxc4 36. Qxc4 Qxc4 37. dxc4 Rd3 38. Kc2 Rxf3 39. Rg6 Rxf2+ 40. Kb3 Rf3 41. Rxf6 Nd6 42. Rxd6 cxd6 43. b5 axb5 44. cxb5 Rf1 45. b6 Rg1 46. a4 f3 47. b7 Rg8 48.
Be1 Rb8 49. Bf2 Rxb7+ 50. Kc3 d5 51. a5 Rb5 52. a6 Ra5 53. a7 d4+ 0-1

[Event "NJSK 2026 Meisjes A"]
[Site "Helmond, Netherlands"]
[Date "2026.04.26"]
[Round "2.1"]
[White "Yildirim, Azra"]
[Black "Hagen, Carlijn"]
[Result "1-0"]
[TimeControl "90min/40moves + 30min + 30sec/move"]
[WhiteTitle "-"]
[BlackTitle "-"]
[WhiteFideId "1085670"]
[BlackFideId "1091190"]
[WhiteElo "1560"]
[BlackElo "1861"]

1. e4 e5 2. Nf3 Nc6 3. Bc4 Bc5 4. c3 Nf6 5. d3 O-O 6. Bg5 h6 7. Bh4 d6 8. h3 Re8 9. O-O a6 10.
b4 Ba7 11. a4 Be6 12. Nbd2 g5 13. Bg3 Ne7 14. Bxe6 fxe6 15. d4 exd4 16. Nxd4 e5 17. Qf3 Ng6 18. Nf5 Kh7 19. Nc4 Rf8 20.
Nce3 Qc8 21. h4 Bxe3 22. Qxe3 Nxe4 23. Qxe4 Rxf5 24. h5 Ne7 25. Bxe5 d5 26. Qd3 Kg8 27. Rae1 Qd7 28. Bd4 Nc6 29.
g4 Nxd4 30. gxf5 Nxf5 31. Re5 Ne7 32. Rfe1 Re8 33. Re6 c6 34. Qd4 Nf5 35. Rxe8+ Kf7 36. Qh8 1-0

[Event "NJSK 2026 Meisjes A"]
[Site "Helmond, Netherlands"]
[Date "2026.04.26"]
[Round "2.2"]
[White "Kulikova, Polina"]
[Black "Westerhof, Fleur"]
[Result "1/2-1/2"]
[TimeControl "90min/40moves + 30min + 30sec/move"]
[WhiteTitle "-"]
[BlackTitle "-"]
[WhiteFideId "1085921"]
[BlackFideId "1080369"]
[WhiteElo "1766"]
[BlackElo "1968"]

1. d4 d5 2. c4 e6 3. cxd5 exd5 4. Nc3 Nf6 5. Bg5 Be6 6. e3 Nbd7 7. Bd3 c6 8. Nge2 h6 9. Bh4 g5 10.
Bg3 Nh5 11. Qc2 Nxg3 12. Nxg3 h5 13. h3 h4 14. Nf1 Bg7 15. Nd2 Qe7 16. Nb3 O-O 17. O-O-O b5 18. Ne2 a5 19. g3 a4 20.
Nc5 Nxc5 21. dxc5 b4 22. Nd4 Bd7 23. gxh4 Ra5 24. Kd2 Rfa8 25. Rc1 Bxd4 26. exd4 Qf6 27. Rcg1 Qf4+ 28. Kd1 Qxh4 29.
Qd2 f6 30. f4 a3 31. b3 1/2-1/2

[Event "NJSK 2026 Meisjes A"]
[Site "Helmond, Netherlands"]
[Date "2026.04.26"]
[Round "2.3"]
[White "Gergin, Isafara"]
[Black "Feng, Elysia"]
[Result "1/2-1/2"]
[TimeControl "90min/40moves + 30min + 30sec/move"]
[WhiteTitle "-"]
[BlackTitle "-"]
[WhiteFideId "1082167"]
[BlackFideId "1074334"]
[WhiteElo "1915"]
[BlackElo "1912"]

1. e4 e5 2. Nf3 Nc6 3. Bc4 Bc5 4.
d3 Nf6 5. O-O O-O 6. Re1 d6 7. c3 Bb6 8. h3 Ne7 9. d4 exd4 10. cxd4 d5 11. exd5 Nexd5 12. Bg5 Qd6 13. Nc3 c6 14.
Ne5 Bf5 15. Qf3 Bg6 16. Nxg6 hxg6 17. Nxd5 Nxd5 18. Bxd5 Qxd5 19. Qxd5 1/2-1/2

[Event "NJSK 2026 Meisjes A"]
[Site "Helmond, Netherlands"]
[Date "2026.04.27"]
[Round "3.2"]
[White "Feng, Elysia"]
[Black "Damen, Josephine"]
[Result "0-1"]
[TimeControl "90min/40moves + 30min + 30sec/move"]
[WhiteTitle "-"]
[BlackTitle "-"]
[WhiteFideId "1074334"]
[BlackFideId "1074369"]
[WhiteElo "1912"]
[BlackElo "1982"]

1. e4 e5 2. Nf3 Nc6 3. Bb5 a6 4. Ba4 Nf6 5. O-O Be7 6. Re1 b5 7. Bb3 d6 8. c3 O-O 9. d4 Bg4 10.
Be3 exd4 11. cxd4 Na5 12. Bc2 c5 13. Nbd2 Nc6 14. Nb3 Nd7 15. h3 Bh5 16. Rc1 c4 17. Nbd2 Bg6 18. g4 d5 19.
a3 dxe4 20. Nxe4 Nf6 21. Ng3 Bxc2 22. Qxc2 Qd5 23. Qe2 Bd6 24. Nf5 Ne7 25. N3h4 Nxf5 26. Nxf5 Rfe8 27. Rcd1 Bc7 28. Qc2 Qf3 29.
g5 Ne4 30. d5 Qxf5 31. Kg2 Nd6 32. Qc3 Qe5 33. Qc1 Nf5 34. Rh1 Nxe3+ 35. Qxe3 Qxe3 36. fxe3 Rad8 37. Kf3 Re5 38. e4 Rxg5 39.
Rd2 Bd6 40. Ke3 Be5 41. Kf2 Rg3 0-1

[Event "NJSK 2026 Meisjes A"]
[Site "Helmond, Netherlands"]
[Date "2026.04.27"]
[Round "3.3"]
[White "Westerhof, Fleur"]
[Black "Gergin, Isafara"]
[Result "0-1"]
[TimeControl "90min/40moves + 30min + 30sec/move"]
[WhiteTitle "-"]
[BlackTitle "-"]
[WhiteFideId "1080369"]
[BlackFideId "1082167"]
[WhiteElo "1968"]
[BlackElo "1915"]

1. e4 c5 2. Nf3 Nc6 3. d4 cxd4 4. Nxd4 Nf6 5. Nc3 e5 6. Ndb5 d6 7. Nd5 Nxd5 8. exd5 Ne7 9. c4 Ng6 10.
Bd3 Be7 11. O-O a6 12. Nc3 f5 13. Bd2 O-O 14. b4 e4 15. Be2 Ne5 16. Qb3 Kh8 17. f4 exf3 18. Bxf3 Qb6+ 19. Kh1 Qd4 20.
Rad1 Qxc4 21. Qb1 Bd7 22. Be2 Qh4 23. Bf4 Rac8 24. Bxe5 dxe5 25. d6 Rxc3 26. dxe7 Qxe7 27. Qb2 Rcc8 28.
Rd5 e4 29. Qd4 Be6 30. Qe5 Qf7 31. Rd6 Bxa2 32. Bg4 Qc4 0-1

[Event "NJSK 2026 Meisjes A"]
[Site "Helmond, Netherlands"]
[Date "2026.04.27"]
[Round "3.4"]
[White "Hagen, Carlijn"]
[Black "Kulikova, Polina"]
[Result "0-1"]
[TimeControl "90min/40moves + 30min + 30sec/move"]
[WhiteTitle "-"]
[BlackTitle "-"]
[WhiteFideId "1091190"]
[BlackFideId "1085921"]
[WhiteElo "1861"]
[BlackElo "1766"]

1. e4 c6 2. d4 d5 3. exd5 cxd5 4. Bd3 Nf6 5. c3 Bg4 6. Nf3 Nc6 7. h3 Bh5 8. Bf4 e6 9. Nbd2 Bd6 10.
Bxd6 Qxd6 11. O-O O-O 12. Re1 Rfc8 13. Nf1 a6 14. g4 Bg6 15. Ng3 b5 16. Ne5 Na5 17. h4 Bxd3 18. Qxd3 Nd7 19.
g5 Nxe5 20. dxe5 Qc7 21. f4 Qb6+ 22. Kh1 Rc4 23. Rf1 b4 24. h5 Rac8 25. g6 fxg6 26. hxg6 h6 27. f5 bxc3 28. f6 Rh4+ 29.
Kg2 Qxb2+ 30. Rf2 Rh2+ 31. Kxh2 Qxf2+ 32. Kh3 Qa7 33. Rc1 d4 34. Nh5 Nc4 35. Qe4 Qc7 36. f7+ Kf8 37. Nf4 Qd7 38.
Qxd4 Qxd4 39. Nxe6+ Ke7 40. Nxd4 Nxe5 41. Rf1 Nxg6 42. Rg1 Kxf7 0-1

[Event "NJSK 2026 Meisjes A"]
[Site "Helmond, Netherlands"]
[Date "2026.04.28"]
[Round "4.1"]
[White "Yildirim, Azra"]
[Black "Kulikova, Polina"]
[Result "0-1"]
[TimeControl "90min/40moves + 30min + 30sec/move"]
[WhiteTitle "-"]
[BlackTitle "-"]
[WhiteFideId "1085670"]
[BlackFideId "1085921"]
[WhiteElo "1560"]
[BlackElo "1766"]

1. e4 c6 2. d4 d5 3. exd5 cxd5 4. Bd3 Nf6 5. c3 Bg4 6. Ne2 e6 7. h3 Bh5 8. Qb3 Qd7 9. Bf4 Nc6 10.
Nd2 Be7 11. g4 Bg6 12. Bxg6 hxg6 13. Ng3 Rc8 14. Nf3 Na5 15. Qc2 Qb5 16. Qe2 Qxe2+ 17. Kxe2 Nc4 18. Rab1 Bd6 19. Bxd6 Nxd6 20.
Ne5 g5 21. Nf3 Nde4 22. Nxe4 Nxe4 23. h4 gxh4 24. Rxh4 Rxh4 25. Nxh4 g5 26. Nf3 Rxc3 27. bxc3 Nxc3+ 28. Kd3 Nxb1 29.
Nxg5 Na3 30. f4 Nb5 31. Nf3 Ke7 32. Nd2 Nd6 33. Nb3 b6 34. Nd2 f6 35. Nf3 Ne4 36. g5 Kf7 37. gxf6 Kxf6 38.
Ne5 Nd6 39. Nc6 a5 40. Ne5 Kf5 41. Nd7 Nc4 42. Nf8 b5 43. Kc3 b4+ 44. Kb3 Kxf4 45. Nxe6+ Ke3 46. Ka4 Kd3 47. Kb3 Nb6 48.
Kb2 a4 49. Kb1 Kc3 50. Kc1 b3 51. axb3 axb3 52. Nc5 Nc4 53. Nxb3 Kxb3 54. Kd1 Kc3 0-1

[Event "NJSK 2026 Meisjes A"]
[Site "Helmond, Netherlands"]
[Date "2026.04.28"]
[Round "4.2"]
[White "Gergin, Isafara"]
[Black "Hagen, Carlijn"]
[Result "0-1"]
[TimeControl "90min/40moves + 30min + 30sec/move"]
[WhiteTitle "-"]
[BlackTitle "-"]
[WhiteFideId "1082167"]
[BlackFideId "1091190"]
[WhiteElo "1915"]
[BlackElo "1861"]

1. e4 e5 2. Nf3 Nc6 3. Bc4 Bc5 4. d3 Nf6 5. O-O O-O 6. Re1 d6 7. c3 Bb6 8. h3 Ne7 9. d4 exd4 10.
cxd4 d5 11. exd5 Nexd5 12. Bg5 Qd6 13. Nc3 c6 14. Qb3 Nxc3 15. bxc3 Nd5 16. Bh4 Be6 17. a4 Bd8 18. Bg3 Qd7 19.
Ne5 Qc8 20. Rab1 Bb6 21. Nf3 Qd8 22. Qc2 h6 23. Bd3 Ba5 24. Rb3 Qc8 25. Reb1 Nb6 26. c4 Rd8 27. Qe2 Qd7 28. Qe5 Bxc4 29.
Qxa5 Bxb3 30. Rxb3 Nd5 31. Qd2 Re8 32. Rb1 a6 33. a5 Re7 34. Qb2 Rae8 35. Bh4 g5 36. Bg3 Nf4 37. Bxf4 gxf4 38.
Bc4 Qf5 39. Ne5 Kh8 40. Bd3 Qg5 41. Qb3 Rg8 42. Be4 Qh5 43. Re1 f6 44. Bf3 Qe8 45. Nd3 Rxe1+ 46. Nxe1 Qxe1+ 47. Kh2 Qxf2 48.
Qxb7 Qg3+ 49. Kh1 Re8 50. Be4 Qe1+ 0-1

[Event "NJSK 2026 Meisjes A"]
[Site "Helmond, Netherlands"]
[Date "2026.04.28"]
[Round "4.3"]
[White "Damen, Josephine"]
[Black "Westerhof, Fleur"]
[Result "0-1"]
[TimeControl "90min/40moves + 30min + 30sec/move"]
[WhiteTitle "-"]
[BlackTitle "-"]
[WhiteFideId "1074369"]
[BlackFideId "1080369"]
[WhiteElo "1982"]
[BlackElo "1968"]

1. Nf3 Nf6 2. g3 d5 3. Bg2 e6 4. O-O Be7 5. d3 O-O 6. Nbd2 c5 7. e4 Nc6 8. Re1 b6 9. e5 Ne8 10.
Nf1 Bb7 11. h4 Nc7 12. N1h2 Re8 13. Ng4 Bf8 14. h5 h6 15. Nh4 Nd4 16. Bf4 Be7 17. Nf3 Nf5 18. c3 d4 19. Nxd4 Bxg2 20.
Nxf5 exf5 21. Ne3 Bb7 22. Nxf5 Qd5 23. Re4 Bg5 24. Nd6 Rf8 25. c4 Qc6 26. Bxg5 hxg5 27. h6 f5 28. Qh5 Ne6 29.
Qg6 Qd7 30. Ree1 Bc6 31. Nxf5 Rxf5 32. Qxf5 Rf8 33. Qg6 Bb7 34. hxg7 Rf7 35. Qh5 Rxg7 36. Kf1 Qxd3+ 37. Qe2 Qh7 38.
Qe3 Nd4 39. f4 Qh3+ 0-1

[Event "NJSK 2026 Meisjes A"]
[Site "Helmond, Netherlands"]
[Date "2026.04.29"]
[Round "5.1"]
[White "Feng, Elysia"]
[Black "Yildirim, Azra"]
[Result "1-0"]
[TimeControl "90min/40moves + 30min + 30sec/move"]
[WhiteTitle "-"]
[BlackTitle "-"]
[WhiteFideId "1074334"]
[BlackFideId "1085670"]
[WhiteElo "1912"]
[BlackElo "1560"]

1. e4 e5 2. Nf3 Nc6 3. Bb5 a6 4. Ba4 Nf6 5. O-O b5 6. Bb3 Bb7 7. c3 Be7 8. Re1 d5 9. exd5 Nxd5 10.
Nxe5 Nxe5 11. Rxe5 Qd6 12. d4 f6 13. Re1 O-O-O 14. Nd2 f5 15. a4 Qg6 16. Nf3 Rhe8 17. Ne5 Qf6 18. axb5 axb5 19.
Qd3 Bd6 20. f4 Qh4 21. Qxf5+ Kb8 22. g3 Ne7 23. Nd7+ Kc8 24. Qe6 Qh6 25. Nf6+ Kb8 26. Nxe8 Qxe6 27. Bxe6 Rxe8 28. Bd7 Rf8 29.
Bxb5 Ng6 30. Bd2 c6 31. Bd3 Kc7 32. c4 Rf6 33. Bc3 Nxf4 34. gxf4 Rxf4 35. c5 Rh4 1-0

[Event "NJSK 2026 Meisjes A"]
[Site "Helmond, Netherlands"]
[Date "2026.04.29"]
[Round "5.3"]
[White "Hagen, Carlijn"]
[Black "Damen, Josephine"]
[Result "1/2-1/2"]
[TimeControl "90min/40moves + 30min + 30sec/move"]
[WhiteTitle "-"]
[BlackTitle "-"]
[WhiteFideId "1091190"]
[BlackFideId "1074369"]
[WhiteElo "1861"]
[BlackElo "1982"]

1. e4 e5 2. f4 exf4 3. Nf3 Ne7 4. d4 d5 5. Bd3 dxe4 6. Bxe4 Nd5 7. O-O Be7 8. Qe2 c6 9. c4 Nf6 10.
Bc2 Bg4 11. Qd3 Na6 12. a3 Nc7 13. Bxf4 Ne6 14. Be5 Bxf3 15. Rxf3 Ng4 16. Nc3 Nxe5 17. dxe5 Nd4 18. Rf4 Bc5 19. Kh1 Ne6 20. Rf3 Qxd3 21.
Bxd3 Bd4 22. Re1 O-O-O 23. Bf5 Kd7 24. Ne4 Ke7 25. g3 Bxe5 26. Bxe6 fxe6 27. Nc5 Bf6 28. Nxe6 Rd6 29. Nc5+ Kf7 30.
Nxb7 Rd2 31. b4 Re8 32. Rxe8 Kxe8 33. c5 Kd7 34. Nd6 Rd5 35. Kg2 Rd2+ 36. Kh3 Rd4 37. Kg2 Rd2+ 38. Kh3 Rd4 39.
Nf5 Re4 40. Rd3+ Ke6 41. Ne3 Rd4 42. Rb3 Kd7 43. Nf5 Rd5 44. Rf3 Ke6 45. Nd6 Kd7 46. Kg2 1/2-1/2

[Event "NJSK 2026 Meisjes A"]
[Site "Helmond, Netherlands"]
[Date "2026.04.29"]
[Round "5.4"]
[White "Kulikova, Polina"]
[Black "Gergin, Isafara"]
[Result "1-0"]
[TimeControl "90min/40moves + 30min + 30sec/move"]
[WhiteTitle "-"]
[BlackTitle "-"]
[WhiteFideId "1085921"]
[BlackFideId "1082167"]
[WhiteElo "1766"]
[BlackElo "1915"]

1. d4 d5 2. c4 e6 3. Nc3 Nf6 4. cxd5 exd5 5. Bg5 c6 6. e3 Bd6 7. Bd3 O-O 8. Qc2 h6 9. Bh4 Re8 10.
Nge2 a5 11. Bg3 Bf8 12. O-O Nbd7 13. Rac1 Nh5 14. Rfe1 Nxg3 15. Nxg3 Nf6 16. Qd2 h5 17. f3 h4 18. Nf1 Nh5 19.
Qf2 b5 20. e4 Nf4 21. Bb1 Bh3 22. g3 Qg5 23. Qe3 Ne6 24. Qxg5 Nxg5 25. Kf2 b4 26. Na4 dxe4 27. Bxe4 Nxe4+ 28. Rxe4 Rxe4 29. fxe4 hxg3+ 30. Nxg3 Rd8 31. Ke3 g6 32. Rd1 Bh6+ 33. Kd3 Bg4 34. Re1 Bg7 35. e5 Re8 36. Re3 Bh6 37.
Re1 Be6 38. b3 f6 39. Nc5 Bd5 40. Re2 fxe5 41. dxe5 Rd8 42. Kc2 Bf3 43. Rf2 Bd1+ 44. Kb1 Be3 45. Ne6 Rd5 46. Rf8+ Kh7 47.
Ne4 g5 48. Nf6+ Kg6 49. Nxd5 cxd5 50. Nc7 Kg7 51. Rd8 d4 52. Ne6+ Kf7 53. Nxd4 Bg4 54. e6+ Kf6 55. Kc2 Bg1 56.
Kd3 Bxh2 57. Ke4 Bf4 58. Ra8 Bc7 59. Ra7 Bb6 60. Rf7+ Kg6 61. Nf5 Bh3 62. Ke5 Bxf5 63. Rxf5 Bc7+ 64.
Ke4 g4 65. e7 1-0

[Event "NJSK 2026 Meisjes A"]
[Site "Helmond, Netherlands"]
[Date "2026.04.30"]
[Round "6.1"]
[White "Yildirim, Azra"]
[Black "Gergin, Isafara"]
[Result "1/2-1/2"]
[TimeControl "90min/40moves + 30min + 30sec/move"]
[WhiteTitle "-"]
[BlackTitle "-"]
[WhiteFideId "1085670"]
[BlackFideId "1082167"]
[WhiteElo "1560"]
[BlackElo "1915"]

1. e4 c6 2. d4 d5 3. Nc3 dxe4 4.
Nxe4 Nf6 5. Nxf6+ exf6 6. Nf3 Bg4 7. Be2 Bd6 8. O-O O-O 9. c3 Re8 10. Re1 Nd7 11. Bd2 Nf8 12. h3 Be6 13.
Nh2 Ng6 14. Rf1 Nf4 15. Bxf4 Bxf4 16. g3 Bc7 17. Bd3 Qd7 18. Ng4 h5 19. Nxf6+ gxf6 20. Qxh5 Kf8 21. Rfe1 Ke7 22. Qf3 Kd8 23.
Qxf6+ Qe7 24. Qxe7+ Rxe7 25. Kg2 Kd7 26. Re2 Rg8 27. Rae1 Ree8 28. b3 b5 29. c4 Ba5 30. Rc1 a6 31.
Rec2 Rh8 32. h4 Reg8 33. Kh2 Bc7 34. cxb5 Rxh4+ 35. Kg1 Bd5 36. bxc6+ Kd8 37. Kf1 Rh1+ 38. Ke2 Re8+ 39. Kd2 Ba5+ 40.
Rc3 Bxc6 41. Rxh1 Bxh1 42. Bxa6 Re6 43. Bc4 Rf6 44. f4 Rg6 45. Kc2 Bxc3 46. Kxc3 Rxg3+ 47. Kb4 f6 48. Kc5 Rg4 49. d5 Rxf4 50. a4 Rh4 51. a5 Rh8 52. b4 Kc7 53.
b5 Kb8 54. b6 f5 55. a6 f4 56. Bb5 f3 57. a7+ Kb7 58. Bc6+ Ka6 59. Bb5+ Kb7 60. Bc6+ Ka6 61. Bb5+ Kb7 1/2-1/2

[Event "NJSK 2026 Meisjes A"]
[Site "Helmond, Netherlands"]
[Date "2026.04.30"]
[Round "6.2"]
[White "Damen, Josephine"]
[Black "Kulikova, Polina"]
[Result "1-0"]
[TimeControl "90min/40moves + 30min + 30sec/move"]
[WhiteTitle "-"]
[BlackTitle "-"]
[WhiteFideId "1074369"]
[BlackFideId "1085921"]
[WhiteElo "1982"]
[BlackElo "1766"]

1. e4 c6 2. d4 d5 3.
exd5 cxd5 4. c4 Nf6 5. Nc3 e6 6. Nf3 Nc6 7. c5 b6 8. Bb5 Bd7 9. Qa4 Qc7 10. Bf4 Qxf4 11. Bxc6 bxc5 12.
Ne5 Rd8 13. Nb5 Be7 14. Bxd7+ Nxd7 15. Nc7+ Kf8 16. Nxd7+ Kg8 17. Na6 Bh4 18. O-O cxd4 19. Nac5 Be7 20. g3 Qf3 21. Qxd4 h5 22.
Rae1 g5 23. Qe5 d4 24. Nxe6 Rxd7 25. Qg7# 1-0

[Event "NJSK 2026 Meisjes A"]
[Site "Helmond, Netherlands"]
[Date "2026.04.30"]
[Round "6.4"]
[White "Feng, Elysia"]
[Black "Westerhof, Fleur"]
[Result "1-0"]
[TimeControl "90min/40moves + 30min + 30sec/move"]
[WhiteTitle "-"]
[BlackTitle "-"]
[WhiteFideId "1074334"]
[BlackFideId "1080369"]
[WhiteElo "1912"]
[BlackElo "1968"]

1. e4 c5 2. Nf3 d6 3. d4 cxd4 4. Nxd4 Nf6 5. Nc3 a6 6. Be3 e6 7. f3 h5 8. Qd2 Be7 9. O-O-O b5 10.
Bd3 Bb7 11. h3 Nbd7 12. g4 Nc5 13. g5 Nfd7 14. g6 f6 15. Kb1 Nf8 16. Rhg1 Nxd3 17. Qxd3 Rc8 18. Qd2 Rc4 19. Nce2 Kd7 20.
b3 Rc8 21. Nf4 Qc7 22. h4 e5 23. Nf5 exf4 24. Bxf4 Qc3 25. Qh2 Rc6 26. Bxd6 Bxd6 27. Rxd6+ Kc7 28. Rxc6+ Kxc6 29. Qd6# 1-0

[Event "NJSK 2026 Meisjes A"]
[Site "Helmond, Netherlands"]
[Date "2026.05.01"]
[Round "7.1"]
[White "Westerhof, Fleur"]
[Black "Yildirim, Azra"]
[Result "1-0"]
[TimeControl "90min/40moves + 30min + 30sec/move"]
[WhiteTitle "-"]
[BlackTitle "-"]
[WhiteFideId "1080369"]
[BlackFideId "1085670"]
[WhiteElo "1968"]
[BlackElo "1560"]

1. e4 e5 2. Nf3 Nc6 3. Bc4 Bc5 4. c3 Nf6 5. d4 exd4 6. e5 d5 7. Bb5 Ne4 8. cxd4 Bb4+ 9. Bd2 Bxd2+ 10. Nbxd2 O-O 11. Bxc6 bxc6 12. Qc2 Nxd2 13. Nxd2 Qg5 14. g3 Qg4 15. Qc3 Ba6 16. f3 Qe6 17. Rc1 Qh3 18. Kf2 Rab8 19.
b3 Rb6 20. a4 Rfb8 21. Qe3 Qe6 22. Kg2 Re8 23. f4 Qg6 24. h3 Bd3 25. Rc3 Bc2 26. Kh2 Reb8 27. Rc1 Bf5 28. g4 Bd7 29. f5 Qh6 30. Qxh6 gxh6 31. Kg3 Kg7 32. Kh4 Rb4 33. Rd3 Re8 34.
Kh5 Rg8 35. Nf1 Rb6 36. Ng3 Kh8 37. Kh4 Be8 38. Nh5 Rb8 39. Nf6 Rg5 40. Nxe8 Rxe8 41. Rxc6 Rc8 42. Rc5 Rgg8 43. Rxd5 Rgd8 44.
Rxd8+ Rxd8 45. Kh5 Kg8 46. Kxh6 Rb8 47. Rc3 Rc8 48. d5 1-0

[Event "NJSK 2026 Meisjes A"]
[Site "Helmond, Netherlands"]
[Date "2026.05.01"]
[Round "7.2"]
[White "Hagen, Carlijn"]
[Black "Feng, Elysia"]
[Result "1/2-1/2"]
[TimeControl "90min/40moves + 30min + 30sec/move"]
[WhiteTitle "-"]
[BlackTitle "-"]
[WhiteFideId "1091190"]
[BlackFideId "1074334"]
[WhiteElo "1861"]
[BlackElo "1912"]

1. e4 e5 2. f4 exf4 3. Nf3 Nf6 4. Nc3 d5 5. exd5 Nxd5 6. Nxd5 Qxd5 7. Be2 Be7 8. O-O Nc6 9. d4 g5 10.
c4 Qd6 11. a3 Bf5 12. Kh1 O-O-O 13. d5 Qf6 14. Bd3 Bc5 15. Bxf5+ Qxf5 16. b4 Be3 17. Bxe3 fxe3 18. Nd4 Qe4 19.
dxc6 Rxd4 20. cxb7+ Kxb7 21. Qa4 e2 22. Rfe1 Rxc4 23. Qb5+ Ka8 24. Qxg5 Re8 25. h3 Rd4 26. Qh5 Rd3 27.
Ra2 Re3 28. Rd2 c6 29. Kg1 1/2-1/2

[Event "NJSK 2026 Meisjes A"]
[Site "Helmond, Netherlands"]
[Date "2026.05.01"]
[Round "7.4"]
[White "Gergin, Isafara"]
[Black "Damen, Josephine"]
[Result "1-0"]
[TimeControl "90min/40moves + 30min + 30sec/move"]
[WhiteTitle "-"]
[BlackTitle "-"]
[WhiteFideId "1082167"]
[BlackFideId "1074369"]
[WhiteElo "1915"]
[BlackElo "1982"]

1. e4 e5 2. Nf3 Nc6 3. Nc3 Nf6 4.
d4 exd4 5. Nxd4 Bb4 6. Nxc6 bxc6 7. Bd3 O-O 8. O-O d5 9. exd5 cxd5 10. Bg5 c6 11. Qf3 Be7 12. h3 Be6 13. Rfe1 Rb8 14.
Rab1 Rb7 15. Ne2 h6 16. Bf4 Qa5 17. Nd4 c5 18. Nxe6 fxe6 19. Rxe6 Qxa2 20. Rbe1 Bd8 21. Bd6 Rbf7 22. Bg6 Ne4 23. Bxf7+ Rxf7 24.
Re8+ 1-0

[ePGN "0.1;DGT LiveChess/2.2.10"]

[Event "NJSK 2026 Jeugd B"]
[Site "Helmond, Netherlands"]
[Date "2026.04.25"]
[Round "1.1"]
[White "Grooten, Tommy"]
[Black "Winter, Sven"]
[Result "0-1"]
[TimeControl "90min/40moves + 30min + 30sec/move"]
[WhiteTitle "-"]
[BlackTitle "-"]
[WhiteFideId "1068806"]
[BlackFideId "1092375"]
[WhiteElo "2347"]
[BlackElo "2013"]

1. Nf3 Nf6 2. c4 b6 3. g3 Bb7 4. Bg2 e6 5. O-O Be7 6. d4 O-O 7. b3 d6 8. Bb2 Nbd7 9. Qc2 c5 10.
dxc5 Nxc5 11. Nc3 Rc8 12. Rad1 a6 13. Rfe1 b5 14. b4 Nce4 15. Rd4 Nxc3 16. Qxc3 bxc4 17. Rxc4 Qb6 18. a3 e5 19.
Nd2 Nd7 20. Rc1 Rcd8 21. Bxb7 Qxb7 22. Rc7 Qd5 23. Nf3 Rfe8 24. Qc6 Qb3 25. Rc2 Nc5 26. Rd2 Ne6 27. Qc4 Qxc4 28. Rxc4 Ra8 29. Rc6 a5 30. b5 Nc5 31.
Rd5 Rec8 32. Bc3 Rxc6 33. bxc6 f6 34. Nd2 Kf7 35. Nc4 Ke6 36. Nb6 Ra7 37. Rd1 Bd8 38. Nd5 Na4 39. Rb1 Kxd5 40.
Rb7 Rxb7 0-1

[Event "NJSK 2026 Jeugd B"]
[Site "Helmond, Netherlands"]
[Date "2026.04.25"]
[Round "1.2"]
[White "Wierenga, Luuk"]
[Black "Kurt, Sascha"]
[Result "0-1"]
[TimeControl "90min/40moves + 30min + 30sec/move"]
[WhiteTitle "-"]
[BlackTitle "-"]
[WhiteFideId "1094874"]
[BlackFideId "1082647"]
[WhiteElo "1977"]
[BlackElo "2280"]

1. Nf3 Nf6 2. c4 g6 3. g3 Bg7 4. Bg2 O-O 5. O-O d6 6. Nc3 e5 7. d4 Nbd7 8. e4 Re8 9. Re1 b6 10.
d5 a5 11. b3 Nc5 12. Bb2 Bd7 13. Qc2 Nh5 14. Nd2 f5 15. f3 Bh6 16. Ne2 Nf6 17. f4 Ng4 18. Qc3 Bg7 19. h3 Nf6 20.
exf5 Bxf5 21. fxe5 Rxe5 22. Nf4 Nh5 23. Rxe5 Bxe5 24. Qc1 Nxf4 25. gxf4 Nd3 26. fxe5 Nxc1 27. Rxc1 dxe5 28. Bxe5 Qg5 0-1